Description

Mass economy, blink stalker pressure into mass chargelot with +2 attack upgrade.

VOD

https://youtu.be/32GG_FKj8ro?t=31137

Replay - Diamond_1_-_PvP_-_Game_22[1]

Build Order

Get SALT Encoding   

  12  0:00  Probe  
  13  0:12  Probe  
  14  0:18  Pylon  
  14  0:24  Probe  
  15  0:36  Probe (Chrono Boost)  
  15  0:37  Gateway  
  16  0:43  Assimilator  
  16  0:48  Probe (Chrono Boost)  
  17  0:54  Probe (Chrono Boost)  
  18  1:03  Probe  
  19  1:15  Probe (Chrono Boost)  
  20  1:22  Gateway  
  20  1:24  Cybernetics Core  
  21  1:26  Probe x2 (Chrono Boost)  
  21  1:34  Assimilator  
  21  1:35  Pylon  
  22  1:41  Probe  
  23  2:01  Stalker  
  25  2:02  Probe  
  26  2:09  Stalker  
  26  2:11  Warp Gate  
  28  2:16  Pylon  
  28  2:18  Probe  
  29  2:31  Stalker  
  29  2:36  Probe  
  32  2:39  Stalker  
  34  2:54  Nexus  
  34  2:57  Probe (Chrono Boost)  
  35  3:06  Stalker  
  35  3:09  Probe (Chrono Boost)  
  38  3:13  Pylon  
  38  3:24  Probe (Chrono Boost)  
  39  3:37  Probe (Chrono Boost)  
  39  3:39  Stalker x2  
  44  3:43  Probe (Chrono Boost)  
  45  3:49  Twilight Council  
  45  3:51  Probe  
  46  3:57  Gateway  
  46  4:03  Probe  
  47  4:10  Probe  
  47  4:15  Probe  
  49  4:17  Stalker x2  
  49  4:23  Probe x2  
  54  4:25  Blink (Chrono Boost)  
  55  4:36  Probe  
  55  4:37  Pylon x2  
  56  5:00  Stalker x3  
  56  5:01  Probe x2  
  56  5:06  Nexus  
  64  5:09  Pylon  
  64  5:25  Stalker x3  
  70  5:37  Forge  
  70  5:38  Probe x2 (Chrono Boost)  
  70  5:40  Robotics Facility  
  72  5:49  Pylon  
  74  5:50  Probe x2 (Chrono Boost)  
  74  5:51  Stalker x3  
  80  6:03  Probe x2  
  82  6:15  Probe x3  
  82  6:17  Stalker x3  
  89  6:27  Probe x3  
  92  6:39  Probe x3  
  95  6:51  Probe x3  
  97  6:57  Stalker x3  
  97  7:01  Nexus  
  104  7:02  Pylon, Protoss Ground Weapons Level 1 (Chrono Boost)  
  104  7:03  Probe x3  
  107  7:15  Probe x2  
  109  7:18  Pylon  
  109  7:19  Gateway x3  
  109  7:20  Charge (Chrono Boost)  
  109  7:25  Gateway x4  
  109  7:34  Observer  
  110  7:38  Zealot x3  
  116  7:45  Gateway x2  
  116  7:54  Probe x3  
  119  8:02  Pylon x3  
  119  8:06  Zealot x3  
  119  8:09  Pylon x4  
  128  8:12  Probe x4  
  128  8:15  Pylon  
  129  8:24  Probe x2  
  129  8:26  Zealot x5  
  135  8:41  Zealot x7  
  149  8:50  Zealot x5  
  149  8:54  Warp Prism  
  161  9:04  Zealot x6  
  163  9:19  Zealot x6  
Spawning Tool Build Advisor. Get it on Overwolf

Go to:

Details

  • Created by: kerimovich
  • Published on: Aug 26, 2021
  • Modified on: Aug 26, 2021
  • Patch: 4.11.0
  • Difficulty: Medium
Show
View Real Time Build Order
Export as new Build Order

Comments (2)

On Dec. 10, 2022, 9:56 a.m., marcus_noble_6  said:

the replay actually starts at 8:26:48

On Oct. 7, 2022, 8:07 a.m., Fliper  said:

Where do you use the CRONOOOOOO I wish there was a reply or crono stamps for all of it first crono cant be blink its saved to 2 crono stalkers right? I gotta watch this long ass video to try and figure that out and make my own notes on the build :(

Create an account to comment!